 Dungeon Crawl Stone Soup version 0.29.1-14-g9c671dbff4 (webtiles) character file.

Game seed: 11680319146308671880

281 Heoruswealwe the Caller (level 6, -7/33 HPs)
             Began as a Deep Elf Summoner on Feb 13, 2023.
             Killed from afar by an acid blob (15 damage)
             ... with a splash of acid
             ... created by the all-consuming vengeance of Jiyva
             ... on level 3 of the Dungeon.
             The game lasted 00:34:52 (2948 turns).

Heoruswealwe the Caller (Deep Elf Summoner)         Turns: 2948, Time: 00:34:55

Health: -7/33      AC:  2    Str: 11    XL:     6   Next: 6%
Magic:  5/14       EV: 13    Int: 22    God:
Gold:   124        SH:  0    Dex: 15    Spells: 9/13 levels left

rFire   . . .      SeeInvis .   z - +0 dagger (venom)
rCold   . . .      Faith    .   (no shield)
rNeg    . . .      Spirit   .   x - +0 robe
rPois   .          Reflect  .   (no helmet)
rElec   .          Harm     .   (no cloak)
rCorr   .          Rampage  .   (no gloves)
Will    .....                   (no boots)
Stlth   ++........              (no amulet)
HPRegen 0.11/turn               j - +6 ring of strength
MPRegen 0.14/turn               (no ring)

@: afraid
A: no striking features
a: no special abilities


You were on level 3 of the Dungeon.
You visited 1 branch of the dungeon, and saw 3 of its levels.

You collected 124 gold pieces.

Inventory:

Hand Weapons
 g - a +0 short sword
 h - a +0 dagger
 m - a +0 short sword
 n - a +0 dagger
 o - a +0 dagger
 p - a +0 club
 s - a +0 club
 t - a +0 mace
 w - a +0 dagger
 z - a +0 dagger of venom (weapon)
 B - a +0 short sword
 D - a +0 scythe
 F - a +0 mace
 H - a +2 vampiric hand axe
 I - a +0 short sword
 L - a +0 club
 M - a +0 spear
 N - a +0 whip
 O - a +0 spear
Missiles
 c - 34 stones
 f - 4 large rocks
 A - 8 poisoned darts
Armour
 a - a +0 robe
 l - a +0 robe
 u - a +0 chain mail
 x - a +0 robe (worn)
 y - a +0 robe
 E - a +0 robe
 G - a +0 robe
 K - a +0 leather armour of poison resistance
Jewellery
 j - a +6 ring of strength (left hand)
 v - an amulet of guardian spirit
 C - a ring of ice
Scrolls
 e - 4 scrolls of teleportation {unknown}
 k - a scroll of immolation {unknown}
 J - a scroll of enchant armour {unknown}
Potions
 b - a potion of magic
 d - a potion of lignification {unknown}
 i - a potion of ambrosia {unknown}
 q - a potion of berserk rage {unknown}
 r - a potion of curing {unknown}


   Skills:
 + Level 0.7 Fighting
 + Level 1.0 Long Blades
 + Level 2.7 Dodging
 + Level 2.8 Stealth
 * Level 4.1 Spellcasting
 + Level 1.2 Conjurations
 + Level 1.3 Hexes
 * Level 4.8 Summonings
 + Level 1.2 Necromancy
 + Level 1.0 Translocations
 + Level 1.0 Transmutations
 + Level 1.1 Fire Magic
 + Level 0.9 Ice Magic
 + Level 0.9 Air Magic
 + Level 1.0 Earth Magic
 + Level 1.3 Poison Magic
 + Level 1.1 Invocations
 + Level 1.2 Evocations


You had 9 spell levels left.
You knew the following spells:

 Your Spells              Type           Power      Damage    Failure   Level
a - Summon Small Mammal   Summ           100%       N/A       1%          1
b - Call Canine Familiar  Summ           25%        N/A       4%          3

Your spell library contained the following spells:

 Spells                   Type           Power      Damage    Failure   Level
 Call Imp                 Summ           25%        N/A       2%          2
 Summon Guardian Golem    Hex/Summ       18%        N/A       10%         3
 Dazzling Flash           Conj/Hex       20%        N/A       21%         3
 Summon Lightning Spire   Summ/Air       17%        N/A       32%         4
 Iskenderun's Mystic Bla  Conj/Tloc      9%         2d4       56%         4
 Summon Forest            Summ/Tloc      8%         N/A       67%         5
 Eringya's Noxious Bog    Tmut/Pois      4%         N/A       100%        6
 Starburst                Conj/Fire      4%         6d4       100%        6
 Summon Hydra             Summ           12%        N/A       100%        7


Dungeon Overview and Level Annotations

Branches:
Dungeon (3/15)

Altars:
Jiyva


Message History

Your hound is burned by acid!
The acid blob spits acid at you. The splash of acid hits you!!
Ouch! That really hurt!
* * * LOW HITPOINT WARNING * * *
Your hound bites the acid blob.
Your hound is burned by acid!
The glowing orange brain pulsates.
The glowing orange brain radiates an aura of fear!
You are terrified of the glowing orange brain!
Your hound looks frightened!
Casting: Call Canine Familiar (dangerous; 4% risk of failure)
Confirm with . or Enter, or press ? or * to list all spells.
Your hound disappears in a puff of smoke!
You swap places.
Your hound bites the acid blob but does no damage.
Your hound is burned by acid!
The acid blob spits acid at you. The splash of acid hits your hound!!
Your hound dies!
Your hound's corpse disappears in a puff of smoke!
Casting: Call Canine Familiar (dangerous; 4% risk of failure)
Confirm with . or Enter, or press ? or * to list all spells.
You swap places.
The acid blob spits acid at you. The splash of acid hits your hound!
Your hound dies!
Your hound's corpse disappears in a puff of smoke!
The glowing orange brain pulsates.
Casting: Call Canine Familiar (dangerous; 4% risk of failure)
Confirm with . or Enter, or press ? or * to list all spells.
The acid blob jiggles.
You swap places.
The acid blob spits acid at you. The splash of acid hits your hound!!
The acid corrodes your hound!
Your hound dies!
Your hound's corpse disappears in a puff of smoke!
The acid blob spits acid at you. The splash of acid hits you!
You die...

### ####### ..#
#.....# #.#
#.....# #.#
#.....# #.#
#.....# #.#
#.....###### #.#
#.......#... #@#
####....#... #ยง#
#....#... #J#
#....#<.. #G#
#####........
#b####...'.....###
#(.....###....##
##..##### ######
#..## #...#


You could see an acid blob, a glowing orange brain (scary) and a bat (summoned).

Vanquished Creatures
  2 gnolls (D:3)
  A hobgoblin (D:3)
3 creatures vanquished.

Vanquished Creatures (collateral kills)
  Sigmund (D:3)
  2 gnolls (D:3)
  An adder (D:3)
  A worm (D:2)
  A dart slug (D:3)
  7 endoplasms
  5 goblins
  4 hobgoblins
  7 jackals (D:1)
  5 kobolds
  5 quokkas
  6 ball pythons
  4 bats (D:1)
  2 frilled lizards
  3 rats
54 creatures vanquished.

Grand Total: 57 creatures vanquished

Notes
Turn   | Place    | Note
-------+----------+-------------------------------------------
     0 | D:1      | Heoruswealwe the Deep Elf Summoner began the quest for the
                  | Orb.
     0 | D:1      | Reached XP level 1. HP: 10/10 MP: 6/6
   385 | D:1      | Reached XP level 2. HP: 5/15 MP: 0/8
   847 | D:1      | Reached XP level 3. HP: 9/19 MP: 4/9
  1595 | D:1      | Learned a level 3 spell: Call Canine Familiar
  2000 | D:2      | Reached skill level 1 in Poison Magic
  2440 | D:3      | Found a faded altar of an unknown god.
  2452 | D:3      | Noticed Sigmund
  2461 | D:3      | Killed Sigmund
  2462 | D:3      | Reached skill level 1 in Conjurations
  2462 | D:3      | Reached skill level 1 in Hexes
  2462 | D:3      | Reached skill level 1 in Necromancy
  2462 | D:3      | Reached skill level 1 in Fire Magic
  2462 | D:3      | Reached skill level 1 in Invocations
  2462 | D:3      | Reached skill level 1 in Evocations
  2462 | D:3      | Reached XP level 4. HP: 14/24 MP: 8/12
  2462 | D:3      | Reached XP level 5. HP: 16/28 MP: 8/13
  2640 | D:3      | Prayed at the altar of an unknown god.
  2640 | D:3      | Became a worshipper of Jiyva Joac the Shapeless
  2640 | D:3      | Reached * piety under Jiyva
  2642 | D:3      | Fell from the grace of Jiyva
  2817 | D:3      | Reached skill level 1 in Long Blades
  2817 | D:3      | Reached skill level 1 in Transmutations
  2833 | D:3      | Reached XP level 6. HP: 26/33 MP: 10/14
  2835 | D:3      | Reached skill level 1 in Translocations
  2835 | D:3      | Reached skill level 1 in Earth Magic
  2938 | D:3      | Noticed an acid blob
  2938 | D:3      | Noticed a glowing orange brain
  2948 | D:3      | Killed from afar by an acid blob

Illustrated notes

Levels and vault maps discovered:
D:1:      spicycebolla_arrival_risky_transporter, layout_loops_corners
D:2:      layout_basic, kennysheep_generic_room_10
D:3:      layout_basic, bloody_makhleb, nicolae_ecumenical_pavilion,
          uniq_sigmund

Skill      XL: |  1  2  3  4  5  6 |
---------------+-------------------+-----
Poison Magic   | 1 |  1.3
Spellcasting   | 4 |  4.1
Conjurations   | 1 |  1.2
Hexes          | 1 |  1.3
Necromancy     | 1 |  1.2
Fire Magic     | 1 |  1.1
Invocations    | 1 |  1.1
Evocations     | 1 |  1.2
Long Blades    | 1 |  1.0
Transmutations | 1 |  1.0
Translocations | 1 |  1.0
Earth Magic    | 1 |  1.0
Fighting       | |  0.7
Dodging        | |  2.7
Stealth        | |  2.8
Summonings     | |  4.8
Ice Magic      | |  0.9
Air Magic      | |  0.9

Action                   |  1- 3 |  4- 6 || total
-------------------------+-------+-------++-------
Melee: Dagger            |       |    13 ||    13
 Cast: Summon Small Mamm |    64 |       ||    64
       Call Canine Famil |     6 |     5 ||    11
Invok: Renounce Religion |       |     1 ||     1
 Stab: Distracted        |       |     1 ||     1
Armor: Robe              |    12 |     1 ||    13
Dodge: Dodged            |    38 |    11 ||    49
